 Dungeon Crawl Stone Soup version 0.31-a0-187-gba352fbbf7 (webtiles) character file.

Game seed: 6082148536319341015

95 qw the Shooter (level 4, 0/25 HPs)
             Began as a Deep Elf Hunter on June 22, 2023.
             Slain by a gnoll
             ... wielding a +0 spear
              (1 damage)
             ... on level 3 of the Dungeon.
             The game lasted 00:00:37 (1159 turns).

qw the Shooter (Deep Elf Hunter)                    Turns: 1159, Time: 00:00:37

Health: 0/25       AC:  3    Str: 10    XL:     4   Next: 40%
Magic:  6/6        EV: 12    Int: 14    God:
Gold:   56         SH:  0    Dex: 18    Spells: 3/3 levels left

rFire   . . .        Y - +1 shortbow
rCold   . . .        (shield currently unavailable)
rNeg    . . .        c - +0 leather armour
rPois   .            (no helmet)
rElec   .            (no cloak)
rCorr   .            (no gloves)
SInv    .            (no boots)
Will    .....        g - amulet of faith
Stlth   ++           (no ring)
HPRegen 0.24/turn    (no ring)
MPRegen 0.10/turn

%: faith
@: no status effects
A: no striking features
a: no special abilities


You were on level 3 of the Dungeon.
You visited 1 branch of the dungeon, and saw 3 of its levels.

You collected 56 gold pieces.


   Skills:
 - Level 1.5 Fighting
 + Level 7.8 Ranged Weapons
 - Level 2.4 Dodging
 - Level 1.2 Stealth


You had 3 spell levels left.
You didn't know any spells.
Your spell library was empty.

Inventory:

Hand Weapons
 Y - a +1 shortbow (weapon)
Armour
 b - a +0 cloak
 c - a +0 leather armour (worn)
Jewellery
 g - an amulet of faith (around neck)
Scrolls
 a - a scroll of identify
Potions
 e - a potion of haste {unknown}

Dungeon Overview and Level Annotations

Branches:
Dungeon (3/15)

Altars:


Message History

A gnoll and an orc come into view.
The orc shouts!
You shoot an arrow. The arrow hits the gnoll.
The gnoll is moderately wounded.
An orc comes into view. It is wielding a +0 hand axe.
The gnoll throws a throwing net.
The throwing net hits you.
You become entangled in the net!
The orc moves out of view.
You struggle against the net.
You struggle against the net.
The gnoll barely misses you.
You rip the net and break free!
The gnoll completely misses you.
An orc comes into view. It is wielding a +0 flail.
The orc falls through a shaft!
The shaft crumbles and collapses.
The gnoll hits you with a +0 whip!
You shoot an arrow. The orc shouts!
The arrow hits the gnoll.
The gnoll is heavily wounded.
The gnoll hits you from afar with a +0 spear.
The gnoll closely misses you.
You shoot an arrow. The arrow hits the gnoll.
The gnoll is severely wounded.
The gnoll barely misses you. The gnoll closely misses you.
You shoot an arrow. The arrow hits the gnoll.
You kill the gnoll!
The gnoll hits you with a +0 flail!
The gnoll hits you from afar with a +0 spear!
You shoot an arrow. The arrow barely misses the gnoll.
The gnoll closely misses you. The gnoll barely misses you.
You shoot an arrow. The arrow completely misses the gnoll.
The gnoll hits you with a +0 flail. The gnoll barely misses you.
You shoot an arrow. The arrow hits the gnoll!
You kill the gnoll!
The gnoll misses you.
You shoot an arrow. The arrow hits the orc.
The orc is heavily wounded.
The orc closely misses you.
The gnoll hits you from afar with a +0 spear.
You die...

......#.......#
.#.........#####
.#######...# #...#
#...####.##
#.........#
####...####..#
.?............#
.........|@oo.##.
...........)g..!..
.####...#####..#..
#.... .... #...#
... #...# .. #...
. #... ##.#


You could see a gnoll and 2 orcs.

Vanquished Creatures
  2 gnolls (D:3)
  An adder (D:2)
  A worm (D:2)
  15 ball pythons
  5 endoplasms
  A giant cockroach (D:3)
  4 goblins
  4 hobgoblins
  7 jackals (D:2)
  5 kobolds (D:1)
  4 quokkas
  A bat (D:3)
  A frilled lizard (D:1)
  7 rats
58 creatures vanquished.

Notes
Turn   | Place    | Note
-------+----------+-------------------------------------------
     0 | D:1      | qw the Deep Elf Hunter began the quest for the Orb.
     0 | D:1      | Reached XP level 1. HP: 12/12 MP: 3/3
     0 | D:1      | 0 ||| qw: Version: 0.3-a-9-g12657ce
     0 | D:1      | 0 ||| qw: Game counter: 2357
     0 | D:1      | 0 ||| qw: Always use a shield: true
     0 | D:1      | 0 ||| qw: God list: Okawaru
     0 | D:1      | 0 ||| qw: Allow faded altars: false
     0 | D:1      | 0 ||| qw: Do Orc after D:15 true
     0 | D:1      | 0 ||| qw: Do second Lair branch before Depths: true
     0 | D:1      | 0 ||| qw: Lair rune preference: random
     0 | D:1      | 0 ||| qw: Plans: Normal
     0 | D:1      | 0 ||| PLANNING D:1-11
    75 | D:1      | Reached XP level 2. HP: 16/16 MP: 4/4
    77 | D:1      | Reached skill level 6 in Ranged Weapons
   364 | D:1      | Reached XP level 3. HP: 20/20 MP: 5/5
   367 | D:1      | Noticed a great orb of eyes
   369 | D:1      | Found a faded altar of an unknown god.
   371 | D:1      | Noticed a shining eye
   371 | D:1      | Noticed a floating eye
   371 | D:1      | Noticed a floating eye
   456 | D:1      | 456 ||| UPGRADING to amulet of faith.
   461 | D:1      | 461 ||| READING scroll labelled TAPPOCV ASAF.
   462 | D:1      | 462 ||| READING scroll labelled JUUMMI PAUGE.
   463 | D:1      | 463 ||| READING scroll labelled GABY TOXTO.
   464 | D:1      | 464 ||| READING scroll labelled ZYLIR ARET.
   465 | D:1      | 465 ||| DROPPING scroll of butterflies.
   594 | D:2      | Reached skill level 7 in Ranged Weapons
   791 | D:2      | Reached XP level 4. HP: 25/25 MP: 6/6
  1021 | D:2      | 1021 ||| DROPPING amulet of magic regeneration.
  1022 | D:2      | 1022 ||| READING scroll labelled ZIEKUB CIETI.
  1023 | D:2      | 1023 ||| READING 2 scrolls of identify.
  1023 | D:2      | 1023 ||| IDENTIFYING brown potion
  1024 | D:2      | 1024 ||| DROPPING potion of brilliance.
  1147 | D:3      | 1147 ||| Stepping ~*~*~tactically~*~*~ (outnumbered).
  1155 | D:3      | HP: 1/25 [gnoll/+0 spear (8)]
  1159 | D:3      | Slain by a gnoll

Levels and vault maps discovered:
D:1:      ldierk_walled_garden, layout_basic,
          hellmonk_ecumenical_altar_watching_god
D:2:      layout_rooms
D:3:      layout_loops_cross, zin_scriptorium, kennysheep_pointless_box,
          uniq_terence

Skill      XL: |  1  2  3 |
---------------+----------+-----
Ranged Weapons | 6 7 |  7.8
Fighting       | |  1.5
Dodging        | |  2.4
Stealth        | |  1.2

Action                     |  1- 3 |  4- 6 || total
---------------------------+-------+-------++-------
   Fire: Shortbow          |   116 |    27 ||   143
    Use: Scroll            |     4 |     2 ||     6
 Armour: Leather armour    |     5 |       ||     5
  Dodge: Dodged            |    14 |    17 ||    31

Table legend:
 A = Non-vault XP
 B = Vault XP
 C = Vault XP percentage of total XP
 D = Non-vault monster count
 E = Vault monster count
 F = Vault count percentage of total count
                 A         B        C        D         E       F
            +---------+---------+-------+---------+---------+-------
      Total |     137 |       0 |   0.0 |      58 |       0 |   0.0
            +---------+---------+-------+---------+---------+-------
        D:1 |      44 |       0 |   0.0 |      28 |       0 |   0.0
        D:2 |      59 |       0 |   0.0 |      24 |       0 |   0.0
        D:3 |      34 |       0 |   0.0 |       6 |       0 |   0.0
            +---------+---------+-------+---------+---------+-------
